 Dungeon Crawl Stone Soup version 0.26-a0-651-gb41185065b (webtiles) character file.

Game seed: 4929765380987253953

131 gbos the Shooter (level 4, -1/25 HPs)
             Began as a Deep Elf Hunter on Oct 25, 2020.
             Was an Initiate of Ashenzari.
             Slain by an adder (2 damage)
             ... on level 4 of the Dungeon.
             The game lasted 00:05:23 (3864 turns).

gbos the Shooter (Deep Elf Hunter)                  Turns: 3864, Time: 00:05:23

Health: -1/25      AC:  3    Str:  6 (9)  XL:     4   Next: 91%
Magic:  6/6        EV: 12    Int: 17      God:    Ashenzari [......]
Gold:   217        SH:  0    Dex: 12 (15) Spells: 3/3 levels left

rFire    . . .     SeeInvis +   a - +0 whip (venom)
rCold    . . .     Faith    .   (no shield)
rNeg     . . .     Spirit   .   g - +0 leather armour (curse)
rPois    .         Reflect  .   (no helmet)
rElec    .         Harm     .   (no cloak)
rCorr    .         Rampage  .   (no gloves)
MR       .....                  (no boots)
Stlth    +++.......             (no amulet)
HPRegen  0.08/turn              j - ring of see invisible
MPRegen  0.10/turn              (no ring)

@: lethally poisoned (-1 -> -8)
A: no striking features
a: Curse Item, Renounce Religion


You were on level 4 of the Dungeon.
You worshipped Ashenzari.
Ashenzari was noncommittal.
You visited 2 branches of the dungeon, and saw 5 of its levels.

You collected 217 gold pieces.


   Skills:
 - Level 1.5 Fighting
 - Level 5.3 Bows
 + Level 4.0 Dodging
 * Level 5.2 Stealth


You had 3 spell levels left.
You didn't know any spells.
Your spell library was empty.

Inventory:

Hand Weapons
 a - a +0 whip of venom (weapon)
 b - a +1 shortbow
 p - a +0 short sword
 r - a +1 whip of electrocution
Missiles
 d - 10 arrows
 i - 10 poisoned darts (quivered)
 l - 60 sling bullets
 q - a throwing net {=f}
Armour
 c - a +0 leather armour
 g - a cursed +0 leather armour (worn)
 u - a +0 pair of boots
Jewellery
 j - a ring of see invisible (left hand)
Scrolls
 e - 4 scrolls of identify {unknown}
 h - a scroll of teleportation {unknown}
 k - a scroll of enchant armour {unknown}
 m - a scroll of remove curse
 t - a scroll of fear {unknown}

Dungeon Overview and Level Annotations

Branches:
Dungeon (4/15)             Temple (1/1) D:4

Altars:
Ashenzari
Cheibriados
Dithmenos
Elyvilon
Fedhas
Gozag
Hepliaklqana
Kikubaaqudgha
Makhleb
Okawaru
Qazlal
Ru
Sif Muna
Trog
Uskayaw
Vehumet
Xom
Yredelemnul
The Shining One

▒▒..............
.▒............▒..▒▒
..............▒...
..▒...............
▒.▒.▒▒▒▒▒.▒▒▒.▒▒..
▒.▒.▒ ▒.▒ ▒.▒ ▒.▒+▒
▒.▒ ▒<▒ ... ▒.▒ ▒S▒
... ▒.▒▒▒▒▒▒e▒▒▒▒.▒
... ▒.............▒
▒▒▒▒▒▒▒▒▒▒▒▒▒▒▒


You could see an adder.


Message History

You hit the adder.
The adder is almost dead.
The adder bites you.
* * * LOW HITPOINT WARNING * * *
You are poisoned.
The adder poisons you!
You closely miss the adder.
The adder is almost dead.
You feel sick. The adder misses you. The adder bites you.
* * * LOW HITPOINT WARNING * * *
You are lethally poisoned!
The adder poisons you!
You miss the adder.
The adder is almost dead.
* * * LOW HITPOINT WARNING * * *
You feel sick. The adder bites you.
* * * LOW HITPOINT WARNING * * *
You miss the adder.
The adder is almost dead.
The adder bites you.
* * * LOW HITPOINT WARNING * * *
You closely miss the adder.
The adder is almost dead.
* * * LOW HITPOINT WARNING * * *
You feel sick. The adder bites you.
You die...

Action                   |  1- 3 |  4- 6 || total
-------------------------+-------+-------++-------
Melee: Short sword       |    57 |       ||    57
       Whip              |    25 |    80 ||   105
 Fire: Shortbow          |    35 |    10 ||    45
Throw: Dart              |    15 |     4 ||    19
  Use: Potion            |       |     3 ||     3
 Stab: Sleeping          |     1 |     1 ||     2
Armor: Leather armour    |    21 |    17 ||    38
Dodge: Dodged            |    56 |    70 ||   126

Levels and vault maps discovered:
D:1:      co_arrival_square_in_a_square_in_a_square, layout_rooms,
          roderic_serpentine_path, chequers_serial_rivers_micro_c,
          minmay_misc_feat_chi
D:2:      layout_rooms, nicolae_overflow_crystal_walls,
          lemuel_coloured_pillars_altar, old_standard_altar,
          chequers_ecumenical_altar_lobes, grunt_ministairs_6,
          doesnt_xom_only_xom
D:3:      layout_loops_cross, vehumet_crystals
D:4:      layout_basic, minmay_temple_entry_statues_pillars, uniq_ijyb
Temple:   eino_temple_rhombus

Notes
Turn   | Place    | Note
-------+----------+-------------------------------------------
     0 | D:1      | gbos the Deep Elf Hunter began the quest for the Orb.
     0 | D:1      | Reached XP level 1. HP: 12/12 MP: 3/3
   190 | D:1      | Reached skill level 2 in Stealth
   458 | D:1      | Reached XP level 2. HP: 16/16 MP: 4/4
   778 | D:2      | Reached skill level 3 in Dodging
   819 | D:2      | Found a shimmering blue altar of Sif Muna.
   829 | D:2      | Reached skill level 3 in Stealth
   927 | D:2      | Found a snail-covered altar of Cheibriados.
   976 | D:2      | Reached XP level 3. HP: 20/20 MP: 5/5
  1029 | D:2      | Found a shimmering altar of Xom.
  1033 | D:2      | Found a glowing golden altar of the Shining One.
  1033 | D:2      | Found a shimmering altar of Xom.
  1036 | D:2      | Found a shimmering blue altar of Sif Muna.
  1036 | D:2      | Found a radiant altar of Vehumet.
  1036 | D:2      | Found a snail-covered altar of Cheibriados.
  1132 | D:2      | Found a hazy altar of Hepliaklqana.
  1350 | D:2      | Found a faded altar of an unknown god.
  1697 | D:3      | Reached skill level 4 in Stealth
  2156 | D:3      | Found a radiant altar of Vehumet.
  2161 | D:3      | Reached XP level 4. HP: 24/25 MP: 6/6
  2451 | D:3      | HP: 7/25 [poisoned by an adder]
  2906 | D:4      | Found a staircase to the Ecumenical Temple.
  2920 | D:4      | HP: 6/25 [adder (4)]
  2939 | Temple   | Entered the Ecumenical Temple
  3266 | Temple   | Became a worshipper of Ashenzari the Shackled
  3530 | D:4      | Reached skill level 4 in Dodging
  3530 | D:4      | Reached skill level 5 in Stealth
  3531 | D:4      | HP: 7/25 [poisoned by a worker ant]
  3538 | D:4      | HP: 4/25 [poisoned by a worker ant]
  3545 | D:4      | HP: 3/25 [poisoned by a worker ant]
  3553 | D:4      | HP: 1/25 [poisoned by a worker ant]
  3862 | D:4      | HP: 7/25 [poisoned by an adder]
  3863 | D:4      | HP: 2/25 [adder (2)]
  3864 | D:4      | Slain by an adder

Vanquished Creatures
  A worker ant (D:4)
  5 adders
  2 dart slugs
  A leopard gecko (D:4)
  An orc (D:3)
  5 giant cockroaches
  8 goblins
  7 hobgoblins
  3 jackals (D:3)
  2 quokkas
  A ball python (D:3)
  6 bats
  3 frilled lizards
  8 kobolds
  4 rats
57 creatures vanquished.
